 Dungeon Crawl Stone Soup version 0.22.1-5-g62c59d919a (webtiles) character file.

1428 Cykl0x the Cleaver (level 8, -8/68 HPs)
             Began as a Minotaur Fighter on Jan 10, 2019.
             Was an Initiate of Okawaru.
             Mangled by a red devil
             ... wielding a +0 demon trident of flaming
             ... summoned by a kobold demonologist
              (12 damage)
             ... on level 7 of the Dungeon.
             The game lasted 00:14:08 (4674 turns).

Cykl0x the Cleaver (Minotaur Fighter)               Turns: 4674, Time: 00:14:09

Health: -8/68      AC: 10    Str: 21    XL:     8   Next: 44%
Magic:  7/7        EV:  8    Int:  7    God:    Okawaru [......]
Gold:   280        SH: 11    Dex: 12    Spells: 7/7 levels left

rFire    . . .     SeeInvis .   r - +1 war axe (flame)
rCold    . . .     Gourm    .   c - +1 shield
rNeg     . . .     Faith    .   w - +0 chain mail
rPois    .         Spirit   .   (helmet restricted)
rElec    .         Reflect  .   (no cloak)
rCorr    .         Harm     .   (no gloves)
MR       .....                  (no boots)
Stlth    ..........             (no amulet)
HPRegen  0.21/turn              q - +2 ring of intelligence
MPRegen  0.10/turn              v - +3 ring of slaying

@: lethally poisoned (-8 -> -29)
A: retaliatory headbutt, horns 2
a: Renounce Religion


You were on level 7 of the Dungeon.
You worshipped Okawaru.
Okawaru was noncommittal.
You were not hungry.

You visited 2 branches of the dungeon, and saw 8 of its levels.

You collected 280 gold pieces.

Inventory:

Hand Weapons
 r - a +1 war axe of flaming (weapon)
 t - a +2 vampiric hand axe
Missiles
 j - 8 tomahawks (quivered)
Armour
 c - a +1 shield (worn)
 w - a +0 chain mail (worn)
Jewellery
 q - a +2 ring of intelligence (left hand)
 u - an uncursed ring of magical power
 v - a +3 ring of slaying (right hand)
Scrolls
 g - 4 scrolls of remove curse
 i - 5 scrolls of teleportation
 s - 2 scrolls of magic mapping
Potions
 a - a potion of invisibility
 d - 2 potions of might
 e - 2 potions of degeneration
 h - 3 potions of flight
 k - a potion of lignification
 l - 5 potions of curing
 m - a potion of cancellation
 o - 2 potions of mutation
 p - 2 potions of haste
Comestibles
 f - 17 rations
 n - 2 chunks of flesh


   Skills:
 + Level 5.3 Fighting
 * Level 9.1 Axes
 + Level 0.6 Throwing
 + Level 5.8 Armour
 * Level 4.1 Dodging
 + Level 0.1 Stealth
 + Level 5.6 Shields


You had 7 spell levels left.
You didn't know any spells.
Your spell library contained the following spells:

 Spells                   Type           Power        Failure   Level  Hunger
 Animate Skeleton         Necr           N/A          100%        1    ##.....
 Apportation              Tloc           #.....       100%        1    ##.....
 Confusing Touch          Hex            #.....       100%        1    ##.....
 Magic Dart               Conj           #...         100%        1    ##.....
 Summon Small Mammal      Summ           #...         100%        1    ##.....
 Searing Ray              Conj           #.....       100%        2    ###....
 Dazzling Spray           Conj/Hex       #.....       100%        3    ####...
 Force Lance              Conj/Tloc      #.......     100%        4    #####..
 Fulminant Prism          Conj/Hex       #.........   100%        4    #####..
 Iskenderun's Mystic Bla  Conj           #.......     100%        4    #####..


Dungeon Overview and Level Annotations

Branches:
Dungeon (7/15)             Temple (1/1) D:6

Altars:
Ashenzari
Cheibriados
Dithmenos
Elyvilon
Fedhas
Gozag
Hepliaklqana
Kikubaaqudgha
Makhleb
Nemelex Xobeh
Okawaru
Qazlal
Ru
Sif Muna
Trog
Uskayaw
Vehumet
Wu Jian
Xom
Yredelemnul
Zin
The Shining One

Shops:
D:5 (   D:6 *


Innate Abilities, Weirdness & Mutations

You reflexively headbutt those who attack you in melee.
You have a pair of horns on your head.


Message History

The ball of steam hits the white imp.
The ball of steam hits you!
You hit the kobold demonologist. You burn the kobold demonologist.
You headbutt the kobold demonologist!
The kobold demonologist is moderately wounded.
You closely miss the white imp.
You are engulfed in a cloud of scalding steam.
* * * LOW HITPOINT WARNING * * *
The orange demon stings you from afar.
* * * LOW HITPOINT WARNING * * *
You are lethally poisoned!
The orange demon poisons you!
The kobold demonologist casts a spell.
The white imp is engulfed in a cloud of scalding steam.
The white imp dies!
* * * LOW HITPOINT WARNING * * *
You feel very sick. You block the orange demon's attack.
You block the kobold demonologist's attack.
The red devil hits you from afar with a demon trident of flaming!
You die...

#..............
.#
#####<....#.#.#
.##...
###...#.#.#..
....
#[..#.#.#.......
#...÷..........#
###.#.#.##.....#
###.#.#§##4....#
##...#...§K4#
#........@3.#
##..........#
#...########
#####


You could see an orange demon, a kobold demonologist, a smoke demon and a red
devil.

Vanquished Creatures
  2 water moccasins
  An ice beast (D:5)
  A phantom (D:7)
  3 ogres
  A centaur (D:6)
  A bullfrog (D:6)
  A scorpion (D:4)
  A crimson imp (D:2)
  2 jellies (D:5)
  3 orc priests (D:5)
  An orc wizard (D:5)
  2 iguanas
  3 worker ants
  8 gnolls
  7 adders
  A shadow imp (D:5)
  2 oozes
  An adder skeleton (D:5)
  A worm (D:3)
  2 dart slugs (D:1)
  3 leopard geckos
  17 orcs
  8 bats
  4 giant cockroaches
  7 goblins
  7 hobgoblins
  6 jackals
  3 quokkas (D:6)
  A frilled lizard (D:5)
  5 kobolds
  2 leopard gecko skeletons
  A leopard gecko zombie (D:5)
  9 rats
117 creatures vanquished.

Notes
Turn   | Place    | Note
-------+----------+-------------------------------------------
     0 | D:1      | Cykl0x the Minotaur Fighter began the quest for the Orb.
     0 | D:1      | Reached XP level 1. HP: 19/19 MP: 0/0
   117 | D:1      | Reached XP level 2. HP: 17/27 MP: 1/1
   490 | D:2      | Reached skill level 3 in Axes
   490 | D:2      | Reached skill level 1 in Dodging
   490 | D:2      | Reached XP level 3. HP: 26/33 MP: 2/2
   516 | D:2      | Reached XP level 4. HP: 30/40 MP: 3/3
   572 | D:2      | Found a bloodstained altar of Trog.
   723 | D:2      | Reached skill level 4 in Axes
   838 | D:2      | Reached XP level 5. HP: 46/46 MP: 4/4
  1361 | D:3      | Found a bloodstained altar of Trog.
  1486 | D:3      | Found an ornate altar of the Wu Jian Council.
  1665 | D:4      | Found a shimmering altar of Xom.
  1665 | D:4      | Found a sparkling altar of Nemelex Xobeh.
  1753 | D:4      | Found a hazy altar of Hepliaklqana.
  1930 | D:4      | Got a faintly glowing hunting sling
  1931 | D:4      | Identified the +1 hunting sling of Truncation {freeze,
                  | *Drain rElec MR++ Dex+3} (You found it on level 4 of the
                  | Dungeon)
  1936 | D:4      | Found a sacrificial altar of Ru.
  1953 | D:4      | Reached skill level 5 in Axes
  2149 | D:4      | Reached XP level 6. HP: 44/53 MP: 5/5
  2629 | D:5      | Entered Level 5 of the Dungeon
  2648 | D:5      | Reached skill level 6 in Axes
  2689 | D:5      | Found Bepteval's Weapon Emporium.
  2718 | D:5      | Reached skill level 5 in Shields
  2718 | D:5      | Reached XP level 7. HP: 27/60 MP: 6/6
  2971 | D:5      | Reached skill level 7 in Axes
  3047 | D:5      | Reached skill level 5 in Armour
  3627 | D:6      | Reached skill level 5 in Fighting
  3627 | D:6      | Reached skill level 8 in Axes
  3627 | D:6      | Reached XP level 8. HP: 59/68 MP: 7/7
  3735 | D:6      | Found a stormy altar of Qazlal.
  3947 | D:6      | Found Gozag's Platinum Reserve.
  3974 | D:6      | Found an opulent altar of Gozag.
  4062 | D:6      | Found a shadowy altar of Dithmenos.
  4325 | D:6      | Found a staircase to the Ecumenical Temple.
  4334 | Temple   | Entered the Ecumenical Temple
  4429 | Temple   | Became a worshipper of Warmaster Okawaru
  4661 | D:7      | Noticed a kobold demonologist
  4666 | D:7      | Noticed an orange demon
  4672 | D:7      | Noticed a smoke demon
  4672 | D:7      | Reached skill level 9 in Axes
  4674 | D:7      | Noticed a red devil
  4674 | D:7      | Mangled by a red devil

Skill      XL: |  1  2  3  4  5  6  7  8 |
---------------+-------------------------+-----
Shields        | 4 5 |  5.6
Fighting       | 4 5 |  5.3
Axes           | 3 4 5 6 8 9 |  9.1
Armour         | 4 5 |  5.8
Dodging        | 1 2 3 4 |  4.1
Throwing       | |  0.6
Stealth        | |  0.1

Action                   |  1- 3 |  4- 6 |  7- 9 || total
-------------------------+-------+-------+-------++-------
Melee: War axe           |    46 |   122 |   100 ||   268
       Headbutt          |     5 |    21 |    18 ||    44
Throw: Tomahawk          |       |     9 |       ||     9
  Use: Scroll            |     5 |     9 |     6 ||    20
       Potion            |       |       |     1 ||     1
  Eat: Chunk             |       |     6 |     6 ||    12
Armor: Scale mail        |    19 |    61 |    27 ||   107
       Chain mail        |       |       |     9 ||     9
Dodge: Dodged            |    13 |    44 |    49 ||   106
Block: Shield            |    26 |    71 |    56 ||   153
